3L
NORTHERN VIRGINIA RETRIEVERS @ PANAMA CITY PIRANHAS
07/21/2019
 
TOP OF THE 1ST
Northern Virginia Retrievers batting - Pitching for Panama City Piranhas : RHP Gunner Hardy
Pitching: RHP Gunner Hardy
Batting: RHB Ed Anderson 0-0: Ball
1-0: Ball
2-0: Foul Ball, location: 2F
2-1: Fly out, F8 (Flyball, 8RS)
Batting: LHB Ye Der 0-0: Ball
1-0: SINGLE (Groundball, 34)
Batting: LHB Roberto Salazar 0-0: Ball
1-0: Ball
2-0: Called Strike
2-1: Ball
3-1: Base on Balls
Ye Der to second
Batting: RHB Carl Good 0-0: Swinging Strike
0-1: Ball
1-1: Ball
2-1: Foul Ball, location: 2F
2-2: Ball
3-2: Base on Balls
Ye Der to third
Roberto Salazar to second
Batting: LHB John Robertson 0-0: Called Strike
0-1: GRAND SLAM HOME RUN (Flyball, 9D), Distance : 386 ft
Batting: LHB Vance Cannon 0-0: Ball
1-0: Ball
2-0: Foul Ball, location: 2F
2-1: Ball
3-1: Base on Balls
Batting: RHB Donald Stanley 0-0: Called Strike
0-1: Ball
1-1: Ball
Wild Pitch!
Vance Cannon to second
2-1: Ball
3-1: Base on Balls
Batting: LHB Rick Watson 0-0: Swinging Strike
0-1: Foul Ball, location: 2F
0-2: Ball
1-2: Foul Ball, location: 2F
1-2: Ground out 4-3 (Groundball, 4M)
Vance Cannon to third
Donald Stanley to second
Batting: SHB Drake Montgomery 0-0: Fly out, F6 (Line Drive, 6)
Top of the 1st over - 4 run(s), 2 hit(s), 0 error(s), 2 left on base; Northern Virginia 4 - Panama City 0
BOTTOM OF THE 1ST
Panama City Piranhas batting - Pitching for Northern Virginia Retrievers : RHP Drake Montgomery
Pitching: RHP Drake Montgomery
Batting: LHB Arturo Guzmán 0-0: Ball
1-0: Ball
2-0: Swinging Strike
2-1: Ball
3-1: Fly out, F7 (Flyball, 78M)
Batting: RHB Jeff Bass 0-0: Ground out 6-3 (Groundball, 6)
Batting: SHB Marc Talamante 0-0: Ball
1-0: Fly out, F9 (Flyball, 89D)
Bottom of the 1st over - 0 run(s), 0 hit(s), 0 error(s), 0 left on base; Northern Virginia 4 - Panama City 0
TOP OF THE 2ND
Northern Virginia Retrievers batting - Pitching for Panama City Piranhas : RHP Gunner Hardy
Batting: RHB Ed Anderson 0-0: Ball
1-0: Called Strike
1-1: Ball
2-1: Called Strike
2-2: Fly out, F8 (Flyball, 8LD)
Batting: LHB Ye Der 0-0: Foul Ball, location: 2F
0-1: SINGLE (Groundball, 4MD)
Batting: LHB Roberto Salazar 0-0: Ball
Passed Ball!
Ye Der to second
1-0: Ground out 6-3 (Groundball, 6M)
Ye Der to third
Batting: RHB Carl Good 0-0: Ball
1-0: Ball
2-0: Swinging Strike
2-1: Fly out, F8 (Flyball, 8LXD)
Top of the 2nd over - 0 run(s), 1 hit(s), 0 error(s), 1 left on base; Northern Virginia 4 - Panama City 0
BOTTOM OF THE 2ND
Panama City Piranhas batting - Pitching for Northern Virginia Retrievers : RHP Drake Montgomery
Batting: RHB Hal Romaine 0-0: Ball
1-0: Foul Ball, location: 2F
1-1: Fly out, F7 (Flyball, 7M)
Batting: LHB Miguel Martínez 0-0: Swinging Strike
0-1: Swinging Strike
0-2: Ground out 4-3 (Groundball, 4)
Batting: RHB Joel Lee 0-0: Ball
1-0: Foul Ball, location: 2F
1-1: Ball
2-1: Ball
3-1: Base on Balls
Batting: LHB Melvin Castro 0-0: Swinging Strike
0-1: Ball
1-1: Fielders Choice at 2nd, 6-4 (Groundball, 6)
Bottom of the 2nd over - 0 run(s), 0 hit(s), 0 error(s), 0 left on base; Northern Virginia 4 - Panama City 0
TOP OF THE 3RD
Northern Virginia Retrievers batting - Pitching for Panama City Piranhas : RHP Gunner Hardy
Batting: LHB John Robertson 0-0: SINGLE (Line Drive, 6MD)
Batting: LHB Vance Cannon 0-0: Called Strike
0-1: Grounds into double play, 6-4-3 (Groundball, 6M)
Batting: RHB Donald Stanley 0-0: Ball
1-0: SINGLE (Line Drive, 6MD)
Batting: LHB Rick Watson 0-0: Called Strike
0-1: Called Strike
Donald Stanley steals 2nd base
0-2: Ball
1-2: Ground out 4-3 (Groundball, 13)
Top of the 3rd over - 0 run(s), 2 hit(s), 0 error(s), 1 left on base; Northern Virginia 4 - Panama City 0
BOTTOM OF THE 3RD
Panama City Piranhas batting - Pitching for Northern Virginia Retrievers : RHP Drake Montgomery
Batting: SHB Theodore Buck 0-0: Called Strike
0-1: Ball
1-1: Ball
2-1: Ground out U3 (Groundball, 3S)
Pinch Hitting: LHB Francisco Sánchez 0-0: Ball
1-0: Swinging Strike
1-1: Foul Ball, location: 2F
1-2: Strikes out swinging
Batting: LHB Arturo Guzmán 0-0: Ball
1-0: Ball
2-0: Called Strike
2-1: Ball
3-1: Swinging Strike
3-2: Strikes out swinging
Bottom of the 3rd over - 0 run(s), 0 hit(s), 0 error(s), 0 left on base; Northern Virginia 4 - Panama City 0
TOP OF THE 4TH
Northern Virginia Retrievers batting - Pitching for Panama City Piranhas : RHP Gunner Hardy
Pitching: RHP Juan Pérez
Batting: SHB Drake Montgomery 0-0: Ball
1-0: Fly out, F7 (Line Drive, 7S)
Batting: RHB Ed Anderson 0-0: Ball
1-0: Ball
2-0: Ball
3-0: Called Strike
3-1: Base on Balls
Batting: LHB Ye Der 0-0: Ball
1-0: Ball
2-0: Ball
3-0: Called Strike
3-1: Base on Balls
Ed Anderson to second
Batting: LHB Roberto Salazar 0-0: Ball
1-0: Ball
2-0: Foul Ball, location: 2F
2-1: Ball
3-1: Foul Ball, location: 2F
3-2: SINGLE (Groundball, 56D)
Ed Anderson to third
Ye Der to second
Runner from 3rd tries for Home, SAFE, throw made home
Ye Der to third
Roberto Salazar to second
Batting: RHB Carl Good 0-0: Ball
1-0: Ball
2-0: Called Strike
2-1: Foul Ball, location: 2F
2-2: Fly out, F8 (Line Drive, 8LM)
Batting: LHB John Robertson 0-0: Ball
1-0: Ball
2-0: Swinging Strike
2-1: Ball
3-1: Foul Ball, location: 2F
3-2: Base on Balls
Batting: LHB Vance Cannon 0-0: SINGLE (Groundball, 3S)
Ye Der scores
Roberto Salazar to third
John Robertson to second
Runner from 3rd tries for Home, SAFE, no throw or cutoff
Batting: RHB Donald Stanley 0-0: Called Strike
0-1: Called Strike
0-2: Foul Ball, location: 2F
0-2: Foul Ball, location: 2F
0-2: Hit by Pitch
John Robertson to third
Vance Cannon to second
Batting: LHB Rick Watson 0-0: Swinging Strike
0-1: Ball
1-1: Foul Ball, location: 2F
1-2: Strikes out looking
Top of the 4th over - 3 run(s), 2 hit(s), 0 error(s), 3 left on base; Northern Virginia 7 - Panama City 0
BOTTOM OF THE 4TH
Panama City Piranhas batting - Pitching for Northern Virginia Retrievers : RHP Drake Montgomery
Batting: RHB Jeff Bass 0-0: Ball
1-0: Swinging Strike
1-1: Ball
2-1: Ball
3-1: Fly out, F5 (Popup, 5SF)
Batting: SHB Marc Talamante 0-0: Foul Ball, location: 2F
0-1: Foul Ball, location: 2F
0-2: Foul Ball, location: 2F
0-2: Fly out, F4 (Popup, 6MD)
Batting: RHB Hal Romaine 0-0: Called Strike
0-1: Ball
1-1: Foul Ball, location: 2F
1-2: Ground out U3 (Groundball, 3S)
Bottom of the 4th over - 0 run(s), 0 hit(s), 0 error(s), 0 left on base; Northern Virginia 7 - Panama City 0
TOP OF THE 5TH
Northern Virginia Retrievers batting - Pitching for Panama City Piranhas : RHP Juan Pérez
Batting: SHB Drake Montgomery 0-0: Called Strike
0-1: Ball
1-1: Swinging Strike
1-2: Strikes out looking
Pitching: RHP Rubén Ramírez
Batting: RHB Ed Anderson 0-0: Called Strike
0-1: Called Strike
0-2: Ball
1-2: Strikes out swinging
Batting: LHB Ye Der 0-0: Ball
1-0: Fly out, F8 (Line Drive, 8LM)
Top of the 5th over - 0 run(s), 0 hit(s), 0 error(s), 0 left on base; Northern Virginia 7 - Panama City 0
BOTTOM OF THE 5TH
Panama City Piranhas batting - Pitching for Northern Virginia Retrievers : RHP Drake Montgomery
Batting: LHB Miguel Martínez 0-0: Ball
1-0: Called Strike
1-1: Ground out 4-3 (Groundball, 4)
Batting: RHB Joel Lee 0-0: Called Strike
0-1: Ground out 4-3 (Groundball, 34)
Batting: LHB Melvin Castro 0-0: Ball
1-0: Called Strike
1-1: Ground out 4-3 (Groundball, 34)
Bottom of the 5th over - 0 run(s), 0 hit(s), 0 error(s), 0 left on base; Northern Virginia 7 - Panama City 0
TOP OF THE 6TH
Northern Virginia Retrievers batting - Pitching for Panama City Piranhas : RHP Rubén Ramírez
Batting: LHB Roberto Salazar 0-0: Foul Ball, location: 2F
0-1: Ball
1-1: Foul Ball, location: 2F
1-2: Fly out, F7 (Flyball, 78M)
Batting: RHB Carl Good 0-0: Ball
1-0: DOUBLE (Line Drive, 89XD)
Batting: LHB John Robertson 0-0: Ball
1-0: Ball
2-0: Called Strike
2-1: Foul Ball, location: 2F
2-2: Fly out, F6 (Popup, 6M)
Batting: LHB Vance Cannon 0-0: Called Strike
0-1: Ground out 4-3 (Groundball, 4)
Top of the 6th over - 0 run(s), 1 hit(s), 0 error(s), 1 left on base; Northern Virginia 7 - Panama City 0
BOTTOM OF THE 6TH
Panama City Piranhas batting - Pitching for Northern Virginia Retrievers : RHP Drake Montgomery
Batting: SHB Theodore Buck 0-0: Ball
1-0: Ball
2-0: Ground out 6-3 (Groundball, 6)
Pinch Hitting: RHB William Hull 0-0: Ball
1-0: Swinging Strike
1-1: Fly out, F2 (Popup, 2RF)
Batting: LHB Arturo Guzmán 0-0: Ball
1-0: Ball
2-0: Ball
3-0: Called Strike
3-1: Called Strike
3-2: Fly out, F8 (Line Drive, 8LM)
Bottom of the 6th over - 0 run(s), 0 hit(s), 0 error(s), 0 left on base; Northern Virginia 7 - Panama City 0
TOP OF THE 7TH
Northern Virginia Retrievers batting - Pitching for Panama City Piranhas : RHP Rubén Ramírez
Pitching: LHP Qing-nian Gong
Batting: RHB Donald Stanley 0-0: Ball
1-0: Foul Ball, location: 2F
1-1: Ball
2-1: SINGLE (Groundball, 56D)
Batting: LHB Rick Watson 0-0: Ball
1-0: Foul Ball, location: 2F
1-1: Ball
2-1: Ball
3-1: Foul Ball, location: 2F
3-2: Strikes out looking
Batting: SHB Drake Montgomery 0-0: Bunted foul
0-1: Ball
1-1: Bunted foul
1-2: Bunted foul, Strikeout!
Batting: RHB Ed Anderson 0-0: Called Strike
0-1: Ball
1-1: Ball
2-1: Foul Ball, location: 2F
2-2: Foul Ball, location: 2F
2-2: Ball
3-2: Base on Balls
Donald Stanley to second
Batting: LHB Ye Der 0-0: Ground out 4-3 (Groundball, 4)
Top of the 7th over - 0 run(s), 1 hit(s), 0 error(s), 2 left on base; Northern Virginia 7 - Panama City 0
BOTTOM OF THE 7TH
Panama City Piranhas batting - Pitching for Northern Virginia Retrievers : RHP Drake Montgomery
Now at SS: Carlos Vázquez
Batting: RHB Jeff Bass 0-0: Called Strike
0-1: Ground out 5-3 (Groundball, 56)
Batting: SHB Marc Talamante 0-0: Ball
1-0: Ground out 5-3 (Groundball, 56)
Batting: RHB Hal Romaine 0-0: Foul Ball, location: 2F
0-1: Ball
1-1: Ball
2-1: Ground out 6-3 (Groundball, 6)
Bottom of the 7th over - 0 run(s), 0 hit(s), 0 error(s), 0 left on base; Northern Virginia 7 - Panama City 0
TOP OF THE 8TH
Northern Virginia Retrievers batting - Pitching for Panama City Piranhas : LHP Qing-nian Gong
Pitching: RHP Lester Craft
Batting: LHB Roberto Salazar 0-0: Ball
1-0: SINGLE (Groundball, 34S) (infield hit)
Batting: RHB Carl Good 0-0: Swinging Strike
0-1: Called Strike
0-2: Foul Ball, location: 2F
0-2: Ball
1-2: Ball
2-2: Ball
3-2: Foul Ball, location: 2F
3-2: Fly out, F8 (Flyball, 78XD)
Batting: LHB John Robertson 0-0: Ball
1-0: Foul Ball, location: 2F
1-1: Fielders Choice at 2nd, 3-6 (Groundball, 3)
Batting: LHB Vance Cannon 0-0: Called Strike
0-1: 2-RUN HOME RUN (Flyball, 9D), Distance : 397 ft
Batting: RHB Donald Stanley 0-0: Foul Ball, location: 2F
0-1: Ball
1-1: Foul Ball, location: 2F
1-2: SINGLE (Line Drive, 8LS)
Batting: LHB Rick Watson 0-0: Ball
1-0: Ground out 3-1 (Groundball, 34)
Top of the 8th over - 2 run(s), 3 hit(s), 0 error(s), 1 left on base; Northern Virginia 9 - Panama City 0
BOTTOM OF THE 8TH
Panama City Piranhas batting - Pitching for Northern Virginia Retrievers : RHP Drake Montgomery
Now in CF: Enrique Echevarría
Batting: LHB Miguel Martínez 0-0: Called Strike
0-1: Ball
1-1: Ball
2-1: Called Strike
2-2: Foul Ball, location: 2F
2-2: Foul Ball, location: 2F
2-2: Fly out, F8 (Flyball, 8LS)
Batting: RHB Joel Lee 0-0: Ball
1-0: Foul Ball, location: 2F
1-1: Ground out 1-3 (Groundball, 15S)
Pinch Hitting: RHB Pete Knight 0-0: Called Strike
0-1: Ball
1-1: Ground out 1-3 (Groundball, 15S)
Bottom of the 8th over - 0 run(s), 0 hit(s), 0 error(s), 0 left on base; Northern Virginia 9 - Panama City 0
TOP OF THE 9TH
Northern Virginia Retrievers batting - Pitching for Panama City Piranhas : RHP Lester Craft
Pitching: RHP Jessie Holley
Now in CF: Bellchyor Lebrim
Batting: SHB Drake Montgomery 0-0: Ball
1-0: Ball
2-0: Foul Ball, location: 2F
2-1: Foul Ball, location: 2F
2-2: Ball
3-2: Strikes out swinging
Batting: RHB Carlos Vázquez 0-0: Ball
1-0: Ball
2-0: Ball
3-0: Base on Balls
Batting: LHB Ye Der 0-0: Ball
1-0: Foul Ball, location: 2F
1-1: Ball
2-1: Ground out 4-3 (Groundball, 4MS)
Carlos Vázquez to second
Batting: RHB Enrique Echevarría 0-0: Ball
1-0: Called Strike
1-1: Swinging Strike
1-2: Foul Ball, location: 2F
1-2: Ball
2-2: Foul Ball, location: 2F
2-2: Ground out 4-3 (Groundball, 4)
Top of the 9th over - 0 run(s), 0 hit(s), 0 error(s), 1 left on base; Northern Virginia 9 - Panama City 0
BOTTOM OF THE 9TH
Panama City Piranhas batting - Pitching for Northern Virginia Retrievers : RHP Drake Montgomery
Batting: SHB Theodore Buck 0-0: Ball
1-0: Swinging Strike
1-1: Foul Ball, location: 2F
1-2: Foul Ball, location: 2F
1-2: Ball
2-2: Foul Ball, location: 2F
2-2: Strikes out swinging
Pinch Hitting: RHB Harvey Porter 0-0: Ball
1-0: Called Strike
1-1: Fly out, F8 (Flyball, 78S)
Batting: LHB Arturo Guzmán 0-0: Foul Ball, location: 2F
0-1: Ball
1-1: Ball
2-1: Foul Ball, location: 2F
2-2: Foul Ball, location: 2F
2-2: Fly out, F8 (Flyball, 89M)
Bottom of the 9th over - 0 run(s), 0 hit(s), 0 error(s), 0 left on base; Northern Virginia 9 - Panama City 0
This league is powered by Out of the Park Baseball, the baseball management simulation game for PC, Mac and Linux
Saturday, July 25th, 2015 - OOTP Baseball 15.6 Build 34